 Dungeon Crawl Stone Soup version 0.31.0-12-g77e489cdc1 (webtiles) character file.

Game seed: 15320815571644141738

607 lordive the Ruffian (level 7, -3/51 HPs)
             Began as a Merfolk Shapeshifter on Feb 29, 2024.
             Was an Initiate of Dithmenos.
             Slain by a phantom (5 damage)
             ... on level 5 of the Dungeon.
             The game lasted 00:08:09 (4261 turns).

lordive the Ruffian (Merfolk Shapeshifter)          Turns: 4261, Time: 00:08:10

Health: -3/51      AC:  1    Str: 14    XL:     7   Next: 43%
Magic:  7/7        EV: 14    Int: 14    God:    Dithmenos [......]
Gold:   147        SH:  0    Dex: 17    Spells: 6/6 levels left

rFire   . .          .
                       - Unarmed
rCold   . . .        (no shield)
rNeg    . . .        a - +0 animal skin
rPois   .            e - melded +0 helmet
rElec   .            z - melded +2 cloak {rCorr}
rCorr   .            (gloves currently unavailable)
SInv    .            (boots currently unavailable)
Will    .....        (no amulet)
Stlth   ++           r - +6 ring of intelligence
HPRegen 0.28/turn    s - ring of flight
MPRegen 0.10/turn

%: no passive effects
@: beast-form, flying
A: beast (slay +3), (nimble swimmer 2), mertail, agile 1, deformed body, dopey 1
a: Begin Untransformation, Renounce Religion


You were on level 5 of the Dungeon.
You worshipped Dithmenos.
Dithmenos was noncommittal.
You were a hulking beast.
You visited 2 branches of the dungeon, and saw 6 of its levels.

You collected 147 gold pieces.

Inventory:

Hand Weapons
 h - a +1 vampiric short sword
Armour
 a - a +0 animal skin (worn)
 e - a +0 helmet (melded)
 z - a +2 cloak of preservation (melded)
Jewellery
 g - a ring of wizardry
 r - a +6 ring of intelligence (left hand)
 s - a ring of flight (right hand)
Talismans
 c - a beast talisman (active)
 d - a flux talisman
Wands
 b - a wand of flame (10)
Scrolls
 i - a scroll of teleportation {unknown}
 j - a scroll of fog {unknown}
 k - 4 scrolls of identify {unknown}
 l - a scroll of revelation {unknown}
 m - a scroll of poison {unknown}
 n - a scroll of acquirement {unknown}
 p - a scroll of torment {unknown}
 v - a scroll of fear {unknown}
 w - a scroll of noise {unknown}
 y - a scroll of brand weapon {unknown}
Potions
 f - a potion of mutation
 o - a potion of resistance {unknown}
 t - a potion of heal wounds {unknown}
 u - a potion of might {unknown}
 x - a potion of haste {unknown}


   Skills:
 + Level 2.4 Fighting
 + Level 4.6 Dodging
 + Level 7.3 Unarmed Combat
 + Level 5.7 Shapeshifting


You had 6 spell levels left.
You didn't know any spells.
Your spell library contained the following spells:

 Spells                   Type           Power      Damage    Failure   Level
 Magic Dart               Conj           0%         1d3       28%         1
 Blink                    Tloc           0%         N/A       41%         2
 Cigotuvi's Dreadful Rot  Necr/Alch/Air  0%         N/A       41%         2
 Searing Ray              Conj           0%         2d4       41%         2
 Dispel Undead            Necr           0%         3d6       96%         4
 Fulminant Prism          Conj/Alch      0%         3d5       96%         4
 Martyr's Knell           Necr/Summ      0%         N/A       96%         4
 Irradiate                Conj/Alch      0%         3d11      100%        5
 Yara's Violent Unravell  Hex/Alch       0%         3d3       100%        5
 Death Channel            Necr           0%         N/A       100%        6


Dungeon Overview and Level Annotations

Branches:
Dungeon (5/15)             Temple (1/1) D:4

Altars:
Ashenzari
Cheibriados
Dithmenos
Elyvilon
Gozag
Hepliaklqana
Kikubaaqudgha
Makhleb
Nemelex Xobeh
Qazlal
Ru
Sif Muna
Trog
Uskayaw
Vehumet
Xom
Yredelemnul
Zin
The Shining One


Innate Abilities, Weirdness & Mutations

You are a hulking beast.
Your limbs bulge with bestial killing power. (Slay +3)
((You are very nimble when in or above water. (Stealth+, EV+, Speed+++)))
Your lower body shifts to a powerful aquatic tail in water.
You are agile. (Dex +4, Str/Int -1)
Armour fits poorly on your strangely shaped body.
You are dopey. (Int -2)


Message History

You are too injured to fight recklessly!
You are too injured to fight recklessly!
You are too injured to fight recklessly!
You are too injured to fight recklessly!
You are too injured to fight recklessly!
You are too injured to fight recklessly!
You are too injured to fight recklessly!
You are too injured to fight recklessly!
You are too injured to fight recklessly!
You are too injured to fight recklessly!
You are too injured to fight recklessly!
You are too injured to fight recklessly!
You are too injured to fight recklessly!
The phantom attacks as it pursues you! The phantom barely misses you.
You barely miss the phantom.
The phantom is moderately damaged.
The phantom hits you!
You hit the phantom.
The phantom is heavily damaged.
The phantom hits you.
* * * LOW HITPOINT WARNING * * *
The phantom blinks!
You blink.
Found 4 stones.
You miss the phantom.
The phantom is heavily damaged.
You barely miss the phantom. Your punch misses the phantom.
The phantom is heavily damaged.
The phantom hits you.
* * * LOW HITPOINT WARNING * * *
You barely miss the phantom. You punch the phantom.
The phantom is heavily damaged.
The phantom hits you.
* * * LOW HITPOINT WARNING * * *
The phantom blinks!
You blink.
The phantom hits you!
* * * LOW HITPOINT WARNING * * *
The phantom blinks!
You blink.
You completely miss the phantom.
The phantom is heavily damaged.
The phantom hits you.
You die...

####.#..########
.......§.......#.#
#.
.###.#.§######.#.#
. #.#....####.#.#
.# .
##.#........##. .
............... ##
#...........#
#...........####.#
#.........h.......
####..§...W####...
#.......#
#....§..#
#.......#
#.......#
#######.# #.# .#


You could see a phantom.

Vanquished Creatures
  Sigmund (D:2)
  2 scorpions (D:4)
  2 hounds
  A bombardier beetle (D:4)
  Crazy Yiuf (D:2)
  Terence (D:2)
  3 iguanas
  Robin (D:2)
  2 adders (D:2)
  A dart slug (D:1)
  2 ribbon worms (D:3)
  9 orcs
  5 ball pythons
  5 endoplasms
  5 giant cockroaches
  17 goblins
  8 hobgoblins
  7 kobolds
  2 quokkas
  5 bats
  2 rats (D:1)
82 creatures vanquished.

Notes
Turn   | Place    | Note
-------+----------+-------------------------------------------
     0 | D:1      | lordive the Merfolk Shapeshifter began the quest for the
                  | Orb.
     0 | D:1      | Reached XP level 1. HP: 15/15 MP: 1/1
   134 | D:1      | Reached XP level 2. HP: 21/21 MP: 2/2
   136 | D:1      | Got the Exposition on the Unstable Ouroboros
   447 | D:1      | You fall into a shaft and drop 1 floor!
   460 | D:2      | Reached XP level 3. HP: 26/26 MP: 3/3
   472 | D:2      | Reached skill level 4 in Unarmed Combat
   476 | D:2      | Noticed Robin
   486 | D:2      | Killed Robin
   763 | D:2      | Noticed Sigmund
   775 | D:2      | Killed Sigmund
   776 | D:2      | Reached skill level 5 in Unarmed Combat
   776 | D:2      | Reached skill level 5 in Shapeshifting
   776 | D:2      | Reached XP level 4. HP: 8/32 MP: 4/4
   776 | D:2      | Reached XP level 5. HP: 9/37 MP: 5/5
   979 | D:2      | Found a runed translucent door.
   980 | D:2      | Noticed Crazy Yiuf
  1227 | D:2      | Noticed Terence
  1237 | D:2      | Killed Terence
  1238 | D:2      | Reached XP level 6. HP: 9/44 MP: 6/6
  1973 | D:3      | Reached skill level 6 in Unarmed Combat
  2164 | D:3      | Found a bloodstained altar of Trog.
  2813 | D:4      | Gained mutation: You are agile. (Dex +4, Str/Int -1)
                  | [potion of mutation]
  2813 | D:4      | Gained mutation: You are dopey. (Int -2) [potion of
                  | mutation]
  2813 | D:4      | Gained mutation: Armour fits poorly on your strangely
                  | shaped body. [potion of mutation]
  2813 | D:4      | HP: 2/44 [hound (1)]
  2819 | D:4      | Reached XP level 7. HP: 1/50 MP: 7/7
  3095 | D:4      | Reached skill level 7 in Unarmed Combat
  3133 | D:4      | Identified the +0 helmet "Rytsyxy" {Str+3 SInv}
  3352 | D:4      | Found a staircase to the Ecumenical Temple.
  3362 | Temple   | Entered the Ecumenical Temple
  3487 | Temple   | Became a worshipper of Dithmenos the Shadowed
  3928 | D:2      | Killed Crazy Yiuf
  3938 | D:2      | HP: 2/50 [poisoned by Crazy Yiuf]
  4205 | D:5      | Entered Level 5 of the Dungeon
  4260 | D:5      | HP: 2/51 [phantom (7)]
  4261 | D:5      | Slain by a phantom

Illustrated notes

Levels and vault maps discovered:
D:1:      amcnicky_arrival_wind_blow, layout_basic, minmay_misc_feat_ornament,
          minmay_misc_feat_more_columns
D:2:      layout_loops_ring, wad_orctagon, uniq_terence, uniq_sigmund,
          uniq_robin, uniq_crazy_yiuf_cottage
D:3:      layout_basic, mainiacjoe_overflow_concentric_impassable
D:4:      layout_gridville, minmay_temple_entry_arrows
D:5:      layout_basic, gammafunk_temple_overflow_statue,
          grunt_decor_mini_mirrors
Temple:   compressed_dpeg_circular_temple

Skill      XL: |  1  2  3  4  5  6  7 |
---------------+----------------------+-----
Dodging        | 3 4 |  4.6
Unarmed Combat | 5 6 7 |  7.3
Shapeshifting  | 5 |  5.7
Fighting       | 2 |  2.4

Action                     |  1- 3 |  4- 6 |  7- 9 || total
---------------------------+-------+-------+-------++-------
  Melee: Unarmed           |    97 |    83 |    56 ||   236
         Punch             |     1 |     5 |     1 ||     7
Ability: Begin Untransform |     1 |     1 |     1 ||     3
    Use: Potion            |     1 |     3 |       ||     4
   Stab: Sleeping          |     1 |     2 |     2 ||     5
 Armour: Animal skin       |    43 |    44 |    24 ||   111
  Dodge: Dodged            |    54 |    50 |    21 ||   125
   Form: Beast             |     2 |     1 |     1 ||     4
